 Dungeon Crawl Stone Soup version 0.30-a0-365-ge7f957f1db (webtiles) character file.

Game seed: 15890665553251854251

4 mopl the Sneak (level 1, -1/18 HPs)
             Began as a Barachi Delver on Nov 16, 2022.
             Slain by a mummy (19 damage)
             ... in an ossuary.
             The game lasted 00:01:07 (136 turns).

mopl the Sneak (Barachi Delver)                      Turns: 136, Time: 00:01:08

Health: -1/18      AC:  3    Str: 13    XL:     1   Next: 60%
Magic:  1/1        EV: 12    Int: 10    God:
Gold:   0          SH:  0    Dex: 13    Spells: 0/0 levels left

rFire   . . .      SeeInvis .    a - +0 falchion
rCold   . . .      Faith    .    (no shield)
rNeg    . . .      Spirit   .    b - +0 leather armour
rPois   .          Reflect  .    (no helmet)
rElec   .          Harm     .    (no cloak)
rCorr   .          Rampage  .    (no gloves)
Will    .....                    (no boots)
Stlth   ++........               (no amulet)
HPRegen 0.23/turn                (no ring)
MPRegen 0.07/turn                (no ring)

@: slow
A: amphibious, slowness 1, strong legs 1, +LOS
a: Hop


You were in an ossuary.
You visited 1 branch of the dungeon, and saw 2 of its levels.
You also visited: Ossuary.

Inventory:

Hand Weapons
 a - a +0 falchion (weapon)
Armour
 b - a +0 leather armour (worn)
Wands
 g - a wand of digging (3)
Scrolls
 c - a scroll of fog
 d - a scroll of magic mapping
 e - a scroll of fear
Potions
 f - a potion of haste


   Skills:
 - Level 3.6 Fighting
 + Level 2.9 Long Blades
 - Level 2.1 Dodging
 - Level 4.5 Stealth


You couldn't memorise any spells.
You didn't know any spells.
Your spell library was empty.

Dungeon Overview and Level Annotations

Branches:
Dungeon (5/15)            Ossuary (1/1)
 Temple: D:4-7

Altars:

Shops:
D:5 :


Innate Abilities, Weirdness & Mutations

You are amphibious.
You cover ground slowly.
You can hop short distances.
You have an extended range of vision and can be seen from far away.


Message History

The gnoll zombie hits you but does no damage.
You hit the gnoll zombie.
The gnoll zombie is heavily damaged.
The gnoll zombie misses you.
You hit the gnoll zombie.
The gnoll zombie is severely damaged.
The gnoll zombie misses you.
You hit the gnoll zombie.
The gnoll zombie is severely damaged.
The gnoll zombie misses you.
You hit the gnoll zombie but do no damage.
The gnoll zombie is severely damaged.
The gnoll zombie hits you but does no damage.
You hit the gnoll zombie.
The gnoll zombie is almost destroyed.
The gnoll zombie hits you.
You hit the gnoll zombie but do no damage.
The gnoll zombie is almost destroyed.
The gnoll zombie hits you but does no damage.
You barely miss the gnoll zombie.
The gnoll zombie is almost destroyed.
The gnoll zombie hits you.
You hit the gnoll zombie.
You destroy the gnoll zombie!
No target in view!
No target in view!
No target in view!
You start resting.
HP restored. 2 mummies and an orc zombie come into view.
You hit the mummy.
The mummy is lightly damaged.
The mummy closely misses you.
You hit the mummy but do no damage.
The mummy is lightly damaged.
You hit the mummy.
The mummy is moderately damaged.
The mummy hits you!!
Ouch! That really hurt!
You die...

#....#
#....#
#....#
#....#
#....#
#....#
#....#
#M...#
#@∩∩.#
######


You could see a mummy.

Vanquished Creatures
  2 gnoll zombies (Ossuary)
  A hobgoblin zombie (Ossuary)
  3 kobold zombies (Ossuary)
6 creatures vanquished.

Notes
Turn   | Place    | Note
-------+----------+-------------------------------------------
     0 | D:5      | mopl the Barachi Delver began the quest for the Orb.
     0 | D:5      | Reached XP level 1. HP: 18/18 MP: 1/1
     9 | D:4      | Found a sand-covered staircase.
    15 | Ossuary  | Entered an ossuary
   136 | Ossuary  | Slain by a mummy

Illustrated notes

Levels and vault maps discovered:
D:4:      layout_loops_cross, mainiacjoe_overflow_two_lobes,
          nicolae_ossuary_entry_plus, serial_park_tiny_pond, uniq_ijyb,
          uniq_grinder
D:5:      layout_gridville, elyvilon_altar_3, serial_shops,
          nicolae_shop_waterfront, nicolae_shop_bloodbath_and_beyond,
          nicolae_stop_n_shop_2, kennysheep_mini_moat, nicolae_shop_waterfront,
          minmay_manual_mares, uniq_eustachio
Ossuary:  ossuary_tomb_3

Action                   || total
-------------------------++-------
Melee: Falchion          ||    47
Armor: Leather armour    ||    11
Dodge: Dodged            ||    20

Table legend: (Time is in decaauts)
 A = Elapsed time spent in this place.
 B = Non-inter-level travel time spent in this place.
 C = Inter-level travel time spent in this place.
 D = Time resting spent in this place.
 E = Time spent auto-exploring this place.
 F = Levels seen in this place.
 G = Mean time per level.
                   A        B        C        D        E       F      G
               +--------+--------+--------+--------+--------+-----+--------+
         Total |    150 |    150 |      0 |     18 |      0 |   3 |   50.0 |
       Dungeon |     17 |     17 |      0 |      0 |      0 |   2 |    8.5 |
       Ossuary |    133 |    133 |      0 |     18 |      0 |   1 |  133.0 |
               +--------+--------+--------+--------+--------+-----+--------+

Top non-repeatable levels by time:
 Ossuary: 133 daAuts
     D:4: 11 daAuts
     D:5: 5 daAuts
